 Dungeon Crawl Stone Soup version 0.31-a0-455-g1a7b003ef0 (webtiles) character file.

Game seed: 4033293171085710348

101003 ryw the Brawler (level 15, -3/152 HPs)
             Began as a Troll Fighter on Aug 3, 2023.
             Was a High Priest of Okawaru.
             Killed from afar by a frost giant (22 damage)
             ... with a bolt of cold
             ... on level 15 of the Dungeon.
             The game lasted 01:02:21 (24568 turns).

ryw the Brawler (Troll Fighter)                    Turns: 24568, Time: 01:02:21

Health: -3/152     AC: 16    Str: 38    XL:     15   Next: 82%
Magic:  0/18       EV: 19    Int:  6    God:    Okawaru [*****.]
Gold:   2048       SH: 15    Dex: 11    Spells: 14/14 levels left

rFire   . .          .
                       - Unarmed
rCold   . . .        U - +4 kite shield {reflect}
rNeg    . . .        G - +4 troll leather armour "Onydykoi" {rPois Regen+ Int+2 Dex+2}
rPois   +            (helmet restricted)
rElec   .            J - scarf of Gehenna {shadows, +Blink Str+4}
rCorr   .            (gloves unavailable)
SInv    .            (boots unavailable)
Will    +....        c - amulet of guardian spirit
Stlth   ++           H - +5 ring of evasion
HPRegen 2.05/turn    V - +4 ring of protection
MPRegen 0.16/turn

%: reflection, guardian spirit
@: heroic, studying Armour
A: large, unfitting armour, claws 3, regeneration 1, shaggy fur 1, tough skin 1
a: Renounce Religion, Evoke Blink, Heroism, Finesse, Duel


You were on level 15 of the Dungeon.
You worshipped Okawaru.
Okawaru was extremely pleased with you.
You visited 5 branches of the dungeon, and saw 24 of its levels.
You also visited: Sewer and Ossuary.

You collected 2508 gold pieces.
You spent 460 gold pieces at shops.

Inventory:

Hand Weapons
 a - the +6 quarterstaff "Jyhopp" {vamp, rElec Int-4 Dex+3}
   (Okawaru gifted it to you on level 2 of the Lair of Beasts)

   Int:       It affects your intelligence (-4).
   Dex:       It affects your dexterity (+3).
   rElec:     It insulates you from electricity.
 w - the +7 scimitar "Fiuret" {freeze, Drain rC+ Str+2 Dex+5}
   (Okawaru gifted it to you on level 1 of the Lair of Beasts)

   Str:       It affects your strength (+2).
   Dex:       It affects your dexterity (+5).
   rC:        It protects you from cold.
   Drain:     It drains your maximum health when unequipped.
Missiles
 d - 45 poisoned darts
 i - 28 boomerangs
 y - 7 javelins
 E - 7 atropa-tipped darts
 M - 7 curare-tipped darts
 P - 14 large rocks (quivered)
Armour
 G - the +4 troll leather armour "Onydykoi" (worn) {rPois Regen+ Int+2 Dex+2}
   (Okawaru gifted it to you on level 5 of the Lair of Beasts)

   Int:       It affects your intelligence (+2).
   Dex:       It affects your dexterity (+2).
   rPois:     It protects you from poison.
   Regen:     It increases your rate of health regeneration.
 J - the scarf of Gehenna (worn) {shadows, +Blink Str+4}
   (You acquired it on level 4 of the Lair of Beasts)

   Str:       It affects your strength (+4).
   +Blink:    It lets you blink.
 U - a +4 kite shield of reflection (worn)
Jewellery
 c - an amulet of guardian spirit (around neck)
 e - a ring of ice
 q - a +5 ring of evasion
 H - a +5 ring of evasion (left claw)
 V - a +4 ring of protection (right claw)
Talismans
 j - a blade talisman
 F - a beast talisman
Wands
 f - a wand of mindburst (3)
 m - a wand of flame (18)
 o - a wand of digging (10)
 s - a wand of polymorph (14)
 u - a wand of paralysis (18)
 K - a wand of light (16)
 O - a wand of iceblast (2)
Scrolls
 g - 4 scrolls of revelation
 r - 5 scrolls of fog
 t - 9 scrolls of teleportation
 x - 5 scrolls of blinking
 I - 7 scrolls of identify
 N - 2 scrolls of poison
 Q - a scroll of amnesia
Potions
 b - a potion of invisibility
 h - 13 potions of curing
 l - 3 potions of brilliance
 n - 2 potions of attraction
 p - 7 potions of degeneration
 v - 2 potions of might
 z - 11 potions of enlightenment
 A - 3 potions of mutation
 B - 3 potions of haste
 C - 2 potions of cancellation
 D - a potion of magic
 R - 3 potions of heal wounds
 S - a potion of berserk rage
 T - a potion of lignification
Miscellaneous
 L - a phial of floods


   Skills:
 + Level 10.8(15.8) Fighting
 + Level 8.6(13.6) Throwing
 + Level 9.6(14.6) Armour
 + Level 10.7(15.7) Dodging
 - Level 5.2(10.2) Shields
 * Level 17.2(22.2) Unarmed Combat
 + Level 6.0 Invocations
 + Level 4.0 Evocations


You had 14 spell levels left.
You didn't know any spells.
Your spell library contained the following spells:

 Spells                   Type           Power      Damage    Failure   Level
 Sandblast                Erth           0%         2d4       58%         1
 Shock                    Conj/Air       0%         1d3       58%         1
 Slow                     Hex            0%         N/A       58%         1
 Ensorcelled Hibernation  Hex/Ice        0%         N/A       75%         2
 Lesser Beckoning         Tloc           0%         N/A       75%         2
 Passwall                 Tmut/Erth      0%         N/A       75%         2
 Sublimation of Blood     Necr           0%         N/A       75%         2
 Confusing Touch          Hex            0%         N/A       92%         3
 Gell's Gravitas          Tloc           0%         N/A       92%         3
 Ignite Poison            Fire/Tmut/Pois 0%         N/A       92%         3
 Ozocubu's Armour         Ice            0%         N/A       92%         3
 Stone Arrow              Conj/Erth      0%         3d7       92%         3
 Swiftness                Air            0%         N/A       92%         3
 Teleport Other           Tloc           0%         N/A       92%         3
 Vampiric Draining        Necr           0%         2d6       92%         3
 Volatile Blastmotes      Fire/Tloc      0%         2d10      92%         3
 Airstrike                Air            0%         2d(0-16)  100%        4
 Fulminant Prism          Conj/Hex       0%         3d5       100%        4
 Iskenderun's Mystic Bla  Conj/Tloc      0%         2d3       100%        4
 Petrify                  Tmut/Erth      0%         N/A       100%        4
 Sticky Flame             Conj/Fire      0%         2d3       100%        4
 Irradiate                Conj/Tmut      0%         3d11      100%        5
 Metabolic Englaciation   Hex/Ice        0%         N/A       100%        5
 Conjure Ball Lightning   Conj/Air       0%         3x3d6     100%        6
 Ozocubu's Refrigeration  Ice            0%         4d7       100%        7
 Discord                  Hex            0%         N/A       100%        8
 Disjunction              Tloc           0%         N/A       100%        8
 Ignition                 Fire           0%         3d3       100%        8
 Polar Vortex             Ice            0%         N/A       100%        9
 Summon Small Mammal      Summ           Unusable   N/A       N/A         1
 Call Imp                 Summ           Unusable   N/A       N/A         2
 Summon Guardian Golem    Hex/Summ       Unusable   N/A       N/A         3
 Simulacrum               Ice/Necr       Unusable   N/A       N/A         6

Dungeon Overview and Level Annotations

Branches:
Dungeon (15/15)            Temple (1/1) D:6            Lair (5/5) D:9
  Swamp (0/4) Lair:2       Spider (1/4) Lair:3        Slime (0/5) Lair:4
    Orc (2/2) D:12            Elf (0/3) Orc:2        Vaults (0/5) D:14
 Depths (0/4) D:15          Sewer (visited)         Ossuary (visited)

Altars:
Ashenzari
Cheibriados
Dithmenos
Elyvilon
Fedhas
Gozag
Hepliaklqana
Kikubaaqudgha
Makhleb
Nemelex Xobeh
Okawaru
Qazlal
Ru
Sif Muna
Trog
Uskayaw
Vehumet
Wu Jian
Xom
Yredelemnul
Zin
The Shining One
Jiyva

Shops:
D:6 (   D:14 :   D:15 !   Orc:2 ([*(

Annotations:
D:11 3 runed translucent doors, horus123's ghost, novice DECj
D:14 3 runed translucent doors, exclusion: obsidian statue, Ynonecli's ghost, journeyman NaHu
Lair:4 1 runed translucent door


Innate Abilities, Weirdness & Mutations

You are too large for most types of armour.
You have claws for hands.
Your natural rate of healing is unusually fast.
You are covered in fur. (AC +1)
You have tough skin. (AC +1)


Message History

The tengu warrior pecks you but does no damage.
The tengu warrior claws you but does no damage.
You mangle the tengu warrior!!
You kill the tengu warrior!
Okawaru accepts your kill.
No target in view!
You open the door.
A frost giant comes into view.
It is wielding a +0 battleaxe of freezing.
Found a staircase to the Depths.
Things that are here:
a +0 longbow; a tengu corpse The frost giant points at you and mumbles some strange words.
The bolt of cold hits you!!!
There is an open door here.
You mangle the frost giant!!
The frost giant is moderately wounded.
The frost giant hits you with a +0 battleaxe of freezing!!!
The frost giant freezes you.
You eviscerate the frost giant!!!
The frost giant is severely wounded.
You hear a shout!
The frost giant hits you with a +0 battleaxe of freezing!!
The frost giant freezes you.
You claw the frost giant!
The frost giant is severely wounded.
You claw the frost giant!
The frost giant is almost dead.
The frost giant gestures at you while chanting.
The bolt of cold hits you!!
* * * LOW HITPOINT WARNING * * *
You gain the combat prowess of a mighty hero.
The frost giant hits you with a +0 battleaxe of freezing!!
* * * LOW HITPOINT WARNING * * *
The frost giant freezes you.
* * * LOW HITPOINT WARNING * * *
You claw the frost giant!
The frost giant is almost dead.
The frost giant gestures at you while chanting.
The bolt of cold hits you!!
You die...

#≈..#..≈#.......#
#.#.#.#.#.......#
#.≈.≈.≈.#.......#
#.≈...≈.##......###
#.≈...≈.##.........
#.#####.###########
#.#...#.# # #.#.>.#
# #)@C..+ #######


You could see a frost giant.

Vanquished Creatures
  Kirke (D:11)
  An ironbound thunderhulk (D:14)
  An eleionoma (Lair:2)
  Nessos (D:13)
  The ghost of Maxmaps the Blocker, a journeyman OpSh of Gozag (Lair:4)
  A fire dragon (D:15)
  8 hydras
  An ice dragon (Lair:5)
  4 ogre magi
  8 centaur warriors
  4 catoblepae
  6 boulder beetles
  A death knight (D:15)
  6 two-headed ogres
  2 death yaks
  A tengu warrior (D:15)
  4 orc high priests (Orc:2)
  Nergalle (D:11)
  4 skysharks
  3 deep elf pyromancers
  A lindwurm (Lair:5)
  7 orc knights
  6 orc sorcerers
  A manticore (D:13)
  3 cyclopes
  9 ugly things
  8 black mambas
  11 elephants (Lair:1)
  Joseph (D:9)
  A gargoyle (D:12)
  2 unseen horrors
  6 torpor snails
  7 cane toads
  6 rime drakes
  3 kobold demonologists
  An efreet (D:14)
  4 freezing wraiths
  14 komodo dragons
  4 trolls
  10 polar bears
  11 hornets
  Prince Ribbit (D:7)
  4 tyrant leeches (Lair:5)
  19 blink frogs
  12 dream sheep
  A raiju (Lair:5)
  A shadow (D:12)
  4 slime creatures (D:14)
  5 wraiths
  5 wyverns
  A culicivora (Lair:3)
  2 vampires (D:12)
  24 yaks
  4 humans
  3 hogs (D:11)
  Eustachio (D:5)
  3 steam dragons
  4 vampire mosquitoes
  5 basilisks
  Menkaure (D:7)
  7 wargs
  3 acid dragons
  16 hell hounds (Lair:5)
  Edmund (D:6)
  2 floating eyes (Orc:1)
  20 water moccasins
  Duvessa (D:6)
  13 black bears
  28 orc warriors
  3 ice beasts
  19 wolves
  8 ogres
  16 centaurs
  A phantom (D:6)
  9 kobold brigands
  16 bullfrogs
  3 gnoll sergeants (D:12)
  4 scorpions
  Dowan (D:6)
  2 electric eels (D:10)
  3 howler monkeys (D:8)
  A crimson imp (D:8)
  3 hounds
  21 orc priests
  4 jellies
  Ijyb (D:2)
  5 iguanas
  A sleepcap (D:6)
  14 orc wizards
  8 mummies (Ossuary)
  20 gnolls
  14 adders
  5 river rats (Sewer)
  A shadow imp (D:5)
  3 white imps (D:6)
  3 ufetubi
  5 worms
  4 dart slugs
  68 orcs
  10 ball pythons
  15 bats
  12 endoplasms
  11 giant cockroaches
  A gnoll zombie (Ossuary)
  44 goblins
  29 hobgoblins
  13 jackals
  30 kobolds
  3 quokkas
  8 frilled lizards
  3 hobgoblin zombies (Ossuary)
  4 orc zombies (Ossuary)
  6 rats
  A spectral goblin (D:10)
822 creatures vanquished.

Vanquished Creatures (others)
  A kobold (D:8)
1 creature vanquished.

Grand Total: 823 creatures vanquished

Notes
Turn   | Place    | Note
-------+----------+-------------------------------------------
     0 | D:1      | ryw the Troll Fighter began the quest for the Orb.
     0 | D:1      | Reached XP level 1. HP: 22/22 MP: 0/0
     1 | D:1      | Found a runed translucent door.
    48 | D:1      | Reached XP level 2. HP: 29/29 MP: 1/1
   314 | D:1      | Reached XP level 3. HP: 36/36 MP: 2/2
   627 | D:2      | Found a snail-covered altar of Cheibriados.
   816 | D:2      | Noticed Ijyb
   836 | D:2      | Killed Ijyb
   837 | D:2      | Reached skill level 3 in Unarmed Combat
   837 | D:2      | Reached XP level 4. HP: 24/44 MP: 3/3
  1823 | D:3      | Found a faded altar of an unknown god.
  2007 | D:3      | Reached skill level 1 in Throwing
  2159 | D:3      | Reached XP level 5. HP: 51/53 MP: 4/4
  2556 | D:3      | Reached skill level 4 in Unarmed Combat
  2569 | D:3      | Reached XP level 6. HP: 12/61 MP: 5/5
  3443 | D:4      | Noticed an ice beast
  3451 | D:4      | Killed an ice beast
  3601 | D:4      | Reached XP level 7. HP: 67/67 MP: 6/6
  3616 | D:4      | Found a glowing drain.
  3647 | D:4      | Reached skill level 5 in Unarmed Combat
  3666 | Sewer    | Entered a sewer
  4572 | D:5      | Entered Level 5 of the Dungeon
  4620 | D:5      | Found a hide-covered altar of Uskayaw.
  4824 | D:5      | Reached skill level 6 in Unarmed Combat
  4824 | D:5      | Reached XP level 8. HP: 78/78 MP: 7/7
  4994 | D:5      | Got Giraan's Essays on Companions
  5093 | D:5      | Noticed Eustachio
  5109 | D:5      | Killed Eustachio
  5439 | D:5      | Reached skill level 5 in Shields
  5619 | D:6      | Found a broken altar of Ashenzari.
  5644 | D:6      | Reached skill level 7 in Unarmed Combat
  5709 | D:6      | Found a sand-covered staircase.
  5714 | Ossuary  | Entered an ossuary
  5857 | Ossuary  | Reached XP level 9. HP: 83/87 MP: 8/8
  6151 | D:6      | Found a staircase to the Ecumenical Temple.
  6158 | D:6      | Reached skill level 5 in Fighting
  6161 | Temple   | Entered the Ecumenical Temple
  6174 | Temple   | Became a worshipper of Warmaster Okawaru
  6206 | D:6      | Found Herueb Koet's Antique Weapon Emporium.
  6226 | D:6      | Reached skill level 5 in Dodging
  6243 | D:6      | Noticed Edmund
  6264 | D:6      | Killed Edmund
  6625 | D:6      | Noticed Duvessa
  6625 | D:6      | Noticed Dowan
  6633 | D:6      | Killed Duvessa
  6634 | D:6      | Reached skill level 8 in Unarmed Combat
  6642 | D:6      | Killed Dowan
  7077 | D:7      | Noticed Prince Ribbit
  7095 | D:7      | Killed Prince Ribbit
  7146 | D:7      | Found a radiant altar of Vehumet.
  7241 | D:7      | Reached * piety under Okawaru
  7274 | D:7      | Noticed Menkaure
  7279 | D:7      | Killed Menkaure
  7989 | D:8      | Reached skill level 9 in Unarmed Combat
  8148 | D:8      | Reached XP level 10. HP: 95/98 MP: 9/9
  8184 | D:8      | Found a shimmering altar of Xom.
  8189 | D:8      | Found a burning altar of Makhleb.
  8251 | D:8      | Reached ** piety under Okawaru
  8323 | D:8      | Found an ancient bone altar of Kikubaaqudgha.
  8480 | D:8      | Found a snail-covered altar of Cheibriados.
  8924 | D:9      | Reached *** piety under Okawaru
  8925 | D:9      | Reached skill level 5 in Throwing
  8929 | D:9      | Reached skill level 10 in Unarmed Combat
  8994 | D:9      | Noticed Joseph
  9020 | D:9      | Killed Joseph
  9501 | D:9      | Reached **** piety under Okawaru
  9606 | D:9      | Found a staircase to the Lair.
  9689 | Lair:1   | Entered Level 1 of the Lair of Beasts
  9780 | Lair:1   | Noticed an elephant
  9781 | Lair:1   | Noticed an elephant
  9781 | Lair:1   | Noticed an elephant
  9782 | Lair:1   | Noticed an elephant
  9783 | Lair:1   | Noticed an elephant
  9791 | Lair:1   | Killed an elephant
  9792 | Lair:1   | Reached XP level 11. HP: 98/107 MP: 8/10
  9816 | Lair:1   | Reached skill level 1 in Armour
  9823 | Lair:1   | Reached ***** piety under Okawaru
  9824 | Lair:1   | Reached skill level 11 in Unarmed Combat
  9928 | Lair:1   | Received a gift from Okawaru
 10159 | Lair:1   | Found a dark tunnel.
 10403 | Lair:1   | Identified the +7 scimitar "Fiuret" {freeze, Drain rC+
                  | Str+2 Dex+5} (Okawaru gifted it to you on level 1 of the
                  | Lair of Beasts)
 10403 | Lair:1   | Received a gift from Okawaru
 10670 | Lair:2   | Found a staircase to the Swamp.
 10670 | Lair:2   | Noticed an eleionoma
 10680 | Lair:2   | Killed an eleionoma
 10727 | Lair:2   | Found a broken altar of Ashenzari.
 10733 | Lair:2   | Reached skill level 12 in Unarmed Combat
 10782 | Lair:2   | Noticed a four-headed hydra
 10791 | Lair:2   | Killed a four-headed hydra
 10791 | Lair:2   | Identified the +6 quarterstaff "Jyhopp" {vamp, rElec Int-4
                  | Dex+3} (Okawaru gifted it to you on level 2 of the Lair of
                  | Beasts)
 10791 | Lair:2   | Received a gift from Okawaru
 10900 | Lair:2   | Reached XP level 12. HP: 113/119 MP: 9/11
 10916 | Lair:2   | Noticed a boulder beetle
 10932 | Lair:2   | Killed a boulder beetle
 11109 | Lair:2   | Noticed a catoblepas
 11109 | Lair:2   | Noticed a death yak
 11112 | Lair:2   | Received a gift from Okawaru
 11189 | Lair:1   | Killed a death yak
 11382 | Lair:2   | Killed a catoblepas
 11382 | Lair:2   | Reached ****** piety under Okawaru
 11437 | Lair:2   | Reached skill level 13 in Unarmed Combat
 11544 | Lair:2   | Noticed a five-headed hydra
 11856 | Lair:2   | Received a gift from Okawaru
 11948 | Lair:3   | Found a hole to the Spider Nest.
 12359 | Lair:3   | Identified the +1 robe of Moleigeh {-Tele rN+ Dex+8 Stlth+}
                  | (Okawaru gifted it to you on level 3 of the Lair of Beasts)
 12359 | Lair:3   | Received a gift from Okawaru
 12923 | Spider:1 | Entered Level 1 of the Spider Nest
 12935 | Lair:4   | Noticed a seven-headed hydra
 12995 | Lair:4   | Noticed an eight-headed hydra
 13406 | Lair:4   | Noticed a seven-headed hydra
 13450 | Lair:4   | Noticed a death yak
 13500 | Lair:3   | Killed an eight-headed hydra
 13538 | Lair:3   | Reached skill level 5 in Armour
 13538 | Lair:3   | Reached XP level 13. HP: 119/128 MP: 10/12
 13734 | Lair:4   | Found a runed translucent door.
 13734 | Lair:4   | Found a viscous altar of Jiyva.
 13735 | Lair:4   | Found a staircase to the Slime Pits.
 14055 | Lair:3   | Reached skill level 14 in Unarmed Combat
 14195 | Lair:4   | Reached skill level 1 in Invocations
 14756 | Lair:4   | Found a runed translucent door.
 14760 | Lair:4   | Noticed Maxmaps's ghost (journeyman OpSh)
 14844 | Lair:4   | Killed Maxmaps's ghost
 14856 | Lair:4   | Identified a scroll of acquirement
 14856 | Lair:4   | Acquired the scarf of Gehenna {shadows, +Blink Str+4}
 15002 | Lair:5   | Entered Level 5 of the Lair of Beasts
 15037 | Lair:5   | Received a gift from Okawaru
 15263 | Lair:5   | Reached skill level 1 in Evocations
 15267 | Lair:5   | Identified the +4 troll leather armour "Onydykoi" {rPois
                  | Regen+ Int+2 Dex+2} (Okawaru gifted it to you on level 5 of
                  | the Lair of Beasts)
 15267 | Lair:5   | Received a gift from Okawaru
 15641 | Lair:5   | Reached skill level 15 in Unarmed Combat
 15933 | Lair:5   | Reached XP level 14. HP: 140/140 MP: 15/15
 16201 | Lair:5   | Found a runed translucent door.
 16345 | Lair:5   | Paralysed by a hornet for 3 turns
 16357 | Lair:5   | Received a gift from Okawaru
 17014 | D:10     | Entered Level 10 of the Dungeon
 17118 | D:10     | Found a shadowy altar of Dithmenos.
 17199 | D:10     | Found a glowing golden altar of the Shining One.
 17199 | D:10     | Found a white marble altar of Elyvilon.
 17200 | D:10     | Found a glowing silver altar of Zin.
 17474 | D:10     | Found a hazy altar of Hepliaklqana.
 17742 | D:11     | Noticed Nergalle
 17764 | D:11     | Killed Nergalle
 17769 | D:11     | Identified the +2 robe "Jorhull" {-Tele rPois rC+ Dex+3}
                  | (Okawaru gifted it to you on level 11 of the Dungeon)
 17769 | D:11     | Received a gift from Okawaru
 17891 | D:11     | Found a runed translucent gate.
 17892 | D:11     | Found a runed translucent gate.
 17893 | D:11     | Found a runed translucent gate.
 17921 | D:11     | Noticed horus123's ghost (novice DECj)
 18298 | D:12     | Noticed Kirke
 18358 | D:11     | Killed Kirke
 19028 | D:12     | Found a staircase to the Orcish Mines.
 19120 | Orc:1    | Entered Level 1 of the Orcish Mines
 19140 | D:12     | Reached skill level 10 in Fighting
 19365 | Orc:1    | Paralysed by a floating eye for 3 turns
 19397 | Orc:1    | Reached skill level 5 in Invocations
 19422 | Orc:1    | Reached skill level 10 in Dodging
 19422 | Orc:1    | Reached skill level 16 in Unarmed Combat
 19695 | Orc:2    | Entered Level 2 of the Orcish Mines
 20099 | Orc:2    | Found a staircase to the Elven Halls.
 21458 | Orc:2    | Identified the +9 glaive "Beca" {antimagic, Stlth+}
                  | (Okawaru gifted it to you on level 2 of the Orcish Mines)
 21458 | Orc:2    | Received a gift from Okawaru
 21463 | Orc:2    | Reached XP level 15. HP: 140/150 MP: 9/17
 21563 | Orc:2    | Found Jiototyc's Assorted Antiques.
 21563 | Orc:2    | Found Uwore's Weapon Shoppe.
 21589 | Orc:2    | Found Vaemp's Antique Weapon Shop.
 21589 | Orc:2    | Found Tuggoarr's Armour Shoppe.
 21594 | Orc:2    | Bought a potion of heal wounds for 140 gold pieces
 21594 | Orc:2    | Bought a potion of berserk rage for 140 gold pieces
 21646 | Orc:2    | Upgraded the game from 0.31-a0-441-g867994ef1c to
                  | 0.31-a0-455-g1a7b003ef0
 22072 | D:13     | Found an opulent altar of Gozag.
 22168 | D:13     | Identified the +1 falchion of Watchfulness {flame, rElec
                  | Int+4}
 22420 | D:13     | Noticed Nessos
 22427 | D:13     | Killed Nessos
 22956 | D:14     | Received a gift from Okawaru
 23032 | D:14     | Found Hidgh's Book Boutique.
 23049 | D:14     | Found a runed translucent gate.
 23049 | D:14     | Found a runed translucent gate.
 23049 | D:14     | Found a runed translucent gate.
 23051 | D:14     | Found an opulent altar of Gozag.
 23053 | D:14     | Noticed Ynonecli's ghost (journeyman NaHu)
 23061 | D:14     | Received a gift from Okawaru
 23562 | D:14     | Found a gate to the Vaults.
 23654 | D:15     | Entered Level 15 of the Dungeon
 23699 | D:15     | Reached skill level 17 in Unarmed Combat
 23903 | D:15     | Found Zydanez's Distillery.
 23911 | D:15     | Bought 2 potions of curing for 72 gold pieces
 23911 | D:15     | Bought 2 potions of curing for 72 gold pieces
 23911 | D:15     | Bought a potion of curing for 36 gold pieces
 24561 | D:15     | Found a staircase to the Depths.
 24561 | D:15     | Noticed a frost giant
 24568 | D:15     | Killed from afar by a frost giant

Illustrated notes

Levels and vault maps discovered:
D:1:      dpeg_arrival_caged_fury, layout_basic
D:2:      kennysheep_the_goblin_king, layout_basic, basic_altar
D:3:      minmay_goblin_kobold_castle, layout_basic,
          hellmonk_ecumenical_altar_leap_of_faith, feat_on_display
D:4:      layout_gridville, gup_sewer_entry_glass, kennysheep_flooded_box,
          kennysheep_cluttered_room
D:5:      layout_basic, mainiacjoe_overflow_surrounded_room, uniq_eustachio
D:6:      layout_basic, lemuel_crystal_altar, minmay_temple_entry_hall,
          nicolae_ossuary_entry_plus, serial_shops, shop, uniq_duvessa,
          uniq_edmund
D:7:      layout_basic, vehumet_crystals, uniq_prince_ribbit1, uniq_menkaure
D:8:      layout_rooms, grunt_temple_overflow_champion_of_chaos,
          overflow_temple_1_default, slow_altar_1
D:9:      layout_rooms, erik_lair_dragon, hangedman_decor_peaks_small,
          uniq_joseph
D:10:     layout_basic, good_gods_temple_1, grunt_dithmenos_smoke_and_mirrors,
          nicolae_hepliaklqana_monster_ancestors, feat_on_display
D:11:     layout_basic, ebering_ghost_rock_garden, minmay_misc_feat_nine_boxes,
          uniq_nergalle
D:12:     layout_big_octagon, kennysheep_orc_monster_closet_entryway, uniq_kirke
D:13:     layout_irregular_city, nicolae_gozag_seed_capital, uniq_nessos
D:14:     layout_irregular_city, hellmonk_vaults_keyhole, serial_shops, shop,
          ebering_ghost_gozag
D:15:     grunt_enter_depths_snipers, layout_irregular_city, serial_shops,
          nicolae_shop_pleasant_corner_grove, grunt_decor_junction
Temple:   zaba_magenta_temple
Lair:1:   layout_roguey, nicolae_volcano_entry_two_sided
Lair:2:   layout_concentric_octagons, alex1729_swamp_entry_worm_eleionoma,
          basic_altar, nzn_random_ring, grunt_megastairs_5,
          infiniplex_staircase_pool_2
Lair:3:   layout_cellular_growth, hellmonk_spider_entry_life_and_decay,
          minivault_19
Lair:4:   layout_cave_shapes, slime_entry_2, ebering_ghost_reflecting_pool
Lair:5:   hangedman_lair_caniforms_friends, layout_cave_pods, wormcave,
          nicolae_lair_lil_pond
Spider:1: nicolae_spider_corner, nicolae_spider_solar_radiation
Orc:1:    hellmonk_paralyzer, layout_caves
Orc:2:    grunt_orc_tribal_feast, layout_diamond_mine, basic_altar,
          nicolae_orc_rockfall

Skill      XL: |  1  2  3  4  5  6  7  8  9 10 11 12 13 14 15 |
---------------+----------------------------------------------+-----
Shields        | 3 4 5 |  5.2
Unarmed Combat | 3 4 6 7 9 10 12 13 15 16 17 | 17.2
Fighting       | 3 4 5 6 7 8 9 10 | 10.8
Dodging        | 3 4 5 6 7 8 9 10 | 10.7
Throwing       | 1 3 4 5 7 8 |  8.6
Armour         | 3 5 6 8 9 |  9.6
Invocations    | 3 5 6 |  6.0
Evocations     | 2 3 4 |  4.0

Action                     |  1- 3 |  4- 6 |  7- 9 | 10-12 | 13-15 || total
---------------------------+-------+-------+-------+-------+-------++-------
  Melee: Unarmed           |   113 |   300 |   484 |   520 |  1183 ||  2600
  Throw: Dart              |     3 |       |    24 |     9 |    13 ||    49
         Throwing net      |       |       |     1 |       |       ||     1
         Javelin           |       |       |       |    16 |    46 ||    62
         Boomerang         |       |       |       |       |     5 ||     5
         Large rock        |       |       |       |       |    45 ||    45
 Invoke: Heroism           |       |       |       |       |    10 ||    10
         Finesse           |       |       |       |       |     2 ||     2
  Evoke: Wand              |       |       |       |     7 |       ||     7
    Use: Scroll            |       |     4 |    13 |    10 |     7 ||    34
         Potion            |       |     2 |     2 |     2 |     3 ||     9
   Stab: Sleeping          |       |     2 |     2 |       |       ||     4
         Held in net/web   |       |       |     1 |       |       ||     1
         Distracted        |       |       |       |     1 |       ||     1
 Armour: Robe              |    35 |    83 |    69 |    19 |       ||   206
         Acid dragon scale |       |       |       |    86 |    42 ||   128
         Skin              |       |       |       |     1 |       ||     1
         Troll leather arm |       |       |       |       |   239 ||   239
  Dodge: Dodged            |    33 |   135 |   143 |   270 |  1076 ||  1657
  Block: Kite shield       |    40 |   169 |   202 |   250 |   633 ||  1294
         Reflection        |       |       |       |       |    27 ||    27

Table legend: (Time is in decaauts)
 A = Elapsed time spent in this place.
 B = Non-inter-level travel time spent in this place.
 C = Inter-level travel time spent in this place.
 D = Time resting spent in this place.
 E = Time spent auto-exploring this place.
 F = Levels seen in this place.
 G = Mean time per level.
                   A        B        C        D        E       F      G
               +--------+--------+--------+--------+--------+-----+--------+
         Total |  24421 |  22934 |   1487 |   2791 |  13785 |  26 |  939.3 |
       Dungeon |  13811 |  13241 |    570 |    955 |   8855 |  15 |  920.7 |
        Temple |     26 |     14 |     12 |      0 |      0 |   1 |   26.0 |
          Lair |   7123 |   6355 |    768 |    986 |   3453 |   5 | 1424.6 |
   Spider Nest |      1 |      1 |      0 |      0 |      0 |   1 |    1.0 |
  Orcish Mines |   2529 |   2393 |    136 |    823 |    934 |   2 | 1264.5 |
         Sewer |    664 |    664 |      0 |      7 |    415 |   1 |  664.0 |
       Ossuary |    263 |    263 |      0 |     20 |    128 |   1 |  263.0 |
               +--------+--------+--------+--------+--------+-----+--------+

Top non-repeatable levels by time:
  Lair:3: 2070 daAuts
   Orc:2: 1833 daAuts
  Lair:5: 1688 daAuts
     D:3: 1511 daAuts
     D:2: 1271 daAuts
  Lair:4: 1205 daAuts
  Lair:2: 1195 daAuts
     D:6: 1133 daAuts
    D:14: 1075 daAuts
     D:9: 1070 daAuts
     D:5: 1019 daAuts
  Lair:1: 964 daAuts
     D:7: 946 daAuts
    D:11: 941 daAuts
    D:13: 921 daAuts
